AoeStats
← Jayklops

Arabia

510742585Analyzed
1v1 RM · 16h ago on Oct 2, 2026· 23m 32s· 2 players
Game mode
Random Map
Map size
Tiny (2 player)
Population
200
Speed
Normal
Resources
Standard
Victory
Conquest
Starting age
Dark Age
Ending age
Imperial Age
RankedLock teamsTeams togetherTeam positionsShared explorationLock speedFull tech treeHidden civsTurbo modeCheats
Victory
Defeat
🇨🇳 Huns · China
2148
+8
🇩🇪 Vietnamese · Germany
1965
-8
Yusutia
5:59 Loom
8:51 Feudal Age
9:23 Double-Bit Axe
9:18 Horse Collar
16:56 Fletching
17:23 Forging
23:28 Castle Age
22:47 Gold Mining
23:49 Scale Barding Armor
Jayklops
6:19 Loom
8:53 Feudal Age
9:00 Man-at-Arms
13:07 Double-Bit Axe
14:15 Horse Collar
17:57 Fletching
21:01 Padded Archer Armor
25:16 Castle Age
Connection lost

Rejoining the realm…

Still unreachable

The connection could not be restored.

Session expired

The server has moved on; the page needs a fresh start.